 Dungeon Crawl Stone Soup version 0.22.1-2-g9c5b331 (webtiles) character file.

77 JeffiDaFish the Skirmisher (level 4, -1/29 HPs)
             Began as a Gargoyle Fighter on Oct 16, 2018.
             Slain by an orc
             ... wielding a +0 war axe
              (6 damage)
             ... on level 3 of the Dungeon on Nov 20, 2018.
             The game lasted 00:05:51 (1901 turns).

JeffiDaFish the Skirmisher (Gargoyle Fighter)       Turns: 1901, Time: 00:05:52

Health: -1/29      AC: 12    Str: 18 (21) XL:     4   Next: 34%
Magic:  4/4        EV:  7    Int:  6 (8)  God:
Gold:   133        SH:  8    Dex:  7 (9)  Spells: 3/3 levels left

rFire    . . .     SeeInvis .   a - +0 flail
rCold    . . .     Gourm    .   c - +0 shield
rNeg     + . .     Faith    .   b - +0 scale mail
rPois    ∞         Spirit   .   (no helmet)
rElec    +         Reflect  .   (no cloak)
rCorr    .         Harm     .   (no gloves)
MR       +....                  (no boots)
Stlth    ..........             (no amulet)
HPRegen  0.09/turn              (no ring)
MPRegen  0.09/turn              (no ring)

@: no status effects
A: thin metallic scales 1, high mp 1, magic resistance 1, negative energy
resistance 1, electricity resistance, unbreathing, petrification resistance, rot
immunity, AC +3
a: no special abilities


You were on level 3 of the Dungeon.
You were hungry.

You visited 1 branch of the dungeon, and saw 3 of its levels.

You collected 133 gold pieces.

Inventory:

Hand Weapons
 a - a +0 flail (weapon)
Armour
 b - a +0 scale mail (worn)
 c - a +0 shield (worn)
Scrolls
 e - a scroll of identify
Potions
 d - a potion of might
 h - 2 potions of haste
Comestibles
 f - 5 rations
 g - a chunk of flesh


   Skills:
 * Level 4.0 Fighting
 * Level 2.8 Maces & Flails
 + Level 4.0 Armour
 + Level 3.7 Shields


You had 3 spell levels left.
You didn't know any spells.
Your spell library contained the following spells:

 Spells                   Type           Power        Failure   Level  Hunger
 Corona                   Hex            #......      100%        1    ##.....
 Ensorcelled Hibernation  Hex/Ice        #.....       100%        2    ###....
 Confuse                  Hex            #.......     100%        3    ####...
 Dazzling Spray           Conj/Hex       #.....       100%        3    ####...
 Tukima's Dance           Hex            #.......     100%        3    ####...


Dungeon Overview and Level Annotations

Branches:
Dungeon (3/15)

Altars:
Gozag
Trog

Annotations:
D:3 Robin


Innate Abilities, Weirdness & Mutations

You are resistant to torment.
Your stone body is resilient. (AC +3)
You are immune to poison.
You resist negative energy. (rN+)
You are resistant to electric shocks. (rElec)
You can survive without breathing.
You are immune to petrification.
You are immune to rotting.
You are partially covered in thin metallic scales. (AC +2)
You have an increased reservoir of magic. (+10% MP)
You are resistant to hostile enchantments. (MR+)


Message History

A goblin comes into view.
You barely miss the goblin.
You are feeling hungry.
You block the orc's attack. The goblin hits you but does no damage.
You closely miss the goblin. The orc hits you with a war axe.
* * * LOW HITPOINT WARNING * * *
You block the goblin's attack.
You thump the goblin!
You kill the goblin!
You block the orc's attack. x2
You sock the goblin!
You kill the goblin!
Robin throws the goblin at you! The orc hits you with a war axe.
* * * LOW HITPOINT WARNING * * *
The goblin hits you but does no damage.
You thump the goblin!
You kill the goblin!
A hobgoblin comes into view. It is wielding a club.
The orc hits you with a war axe.
You die...

##.......#####..#..#
#.......##.....##.#######
#..........##.#..........
#.......#####.#.#.#######
####.#### #.#.#.# ...
##.....## ##.. #.......#
#. #..#)##.# #..#@##.# #
#o##.# #K##.#
ggg...go##.# gg.go.gl...#
..g####.#### .g #.# #..
...


You could see Robin, 2 orcs, a hobgoblin (wandering), a kobold and a frilled
lizard.

Vanquished Creatures
  An adder (D:2)
  4 worms
  5 dart slugs
  2 ball pythons
  4 giant cockroaches
  13 goblins
  5 hobgoblins
  A kobold (D:1)
  5 bats
  A frilled lizard (D:2)
  5 rats
46 creatures vanquished.

Notes
Turn   | Place    | Note
-------+----------+-------------------------------------------
     0 | D:1      | JeffiDaFish the Gargoyle Fighter began the quest for the
                  | Orb.
     0 | D:1      | Reached XP level 1. HP: 14/14 MP: 1/1
    46 | D:1      | Reached XP level 2. HP: 17/19 MP: 2/2
   398 | D:1      | Reached XP level 3. HP: 23/23 MP: 3/3
   622 | D:2      | Upgraded the game from 0.22.1-1-ga44c0e5 to
                  | 0.22.1-2-g9c5b331
   784 | D:2      | Found an opulent altar of Gozag.
  1473 | D:2      | Reached XP level 4. HP: 29/29 MP: 4/4
  1751 | D:2      | Gained mutation: You are resistant to hostile enchantments.
                  | (MR+) [potion of mutation]
  1751 | D:2      | Gained mutation: You have an increased reservoir of magic.
                  | (+10% MP) [potion of mutation]
  1751 | D:2      | Gained mutation: You are partially covered in thin metallic
                  | scales. (AC +2) [potion of mutation]
  1755 | D:2      | Found a bloodstained altar of Trog.
  1863 | D:3      | Noticed Robin
  1901 | D:3      | Slain by an orc

Skill      XL: |  1  2  3  4 |
---------------+-------------+-----
Fighting       | 4 |  4.0
Armour         | 4 |  4.0
Maces & Flails | |  2.8
Shields        | |  3.7

Action                   |  1- 3 |  4- 6 || total
-------------------------+-------+-------++-------
Melee: Flail             |   143 |    42 ||   185
  Use: Scroll            |     4 |       ||     4
       Potion            |     3 |     2 ||     5
  Eat: Chunk             |     1 |     2 ||     3
Armor: Scale mail        |    93 |    18 ||   111
Dodge: Dodged            |    46 |    13 ||    59
Block: Shield            |    79 |    18 ||    97
